 Dungeon Crawl Stone Soup version 0.23.2 (webtiles) character file.

Game seed: 17679232566152058798

308 cklessthan3 the Skirmisher (level 6, -4/48 HPs)
             Began as a Demonspawn Abyssal Knight on Mar 31, 2019.
             Was a Priest of Lugonu.
             Killed from afar by an orc wizard (6 damage)
             ... with a puff of flame
             ... on level 4 of the Dungeon.
             The game lasted 00:17:02 (3811 turns).

cklessthan3 the Skirmisher (DsAK)                   Turns: 3811, Time: 00:17:03

Health: -4/48      AC:  5    Str: 14    XL:     6   Next: 17%
Magic:  7/7        EV: 15    Int: 15    God:    Lugonu [***...]
Gold:   244        SH:  0    Dex: 13    Spells: 5/5 levels left

rFire    . . .     SeeInvis .   a - +1 falchion
rCold    . . .     Gourm    .   (no shield)
rNeg     . . .     Faith    .   q - +1 leather armour of Xuadir {rCorr Int+2 Stlth+}
rPois    .         Spirit   .   (helmet restricted)
rElec    .         Reflect  .   m - +0 cloak
rCorr    +         Harm     .   (no gloves)
MR       .....                  (no boots)
Stlth    ++........             (no amulet)
HPRegen  0.16/turn              (no ring)
MPRegen  0.10/turn              (no ring)

@: no status effects
A: antennae 1, repulsion field 2, powered by death 1
a: Depart the Abyss, Bend Space, Banish, Renounce Religion


You were on level 4 of the Dungeon.
You worshipped Lugonu.
Lugonu was most pleased with you.
You were not hungry.

You visited 1 branch of the dungeon, and saw 4 of its levels.
You visited the Abyss 1 time.

You collected 244 gold pieces.

Inventory:

Hand Weapons
 a - a +1 falchion (weapon)
Missiles
 e - 15 poisoned needles
 f - 98 sling bullets
Armour
 d - a +3 scale mail
 m - a +0 cloak (worn)
 q - the +1 leather armour of Xuadir (worn) {rCorr Int+2 Stlth+}
   (You found it on level 4 of the Dungeon)

   It affects your intelligence (+2).
   It provides partial protection from all sources of acid and corrosion.
   It makes you more stealthy.
Potions
 s - a potion of curing
Comestibles
 c - 7 rations


   Skills:
 + Level 4.2 Fighting
 + Level 4.0 Long Blades
 + Level 3.0 Armour
 + Level 2.0 Dodging
 + Level 0.5 Stealth
 + Level 2.6 Invocations


You had 5 spell levels left.
You didn't know any spells.
Your spell library was empty.

Dungeon Overview and Level Annotations

Branches:
Dungeon (4/15)
 Temple: D:4-7

Altars:
Gozag
Ru
Wu Jian
Yredelemnul

Annotations:
D:4 Edmund


Innate Abilities, Weirdness & Mutations

You have a pair of small antennae on your head.
You are surrounded by a moderate repulsion field. (EV +3)
You regenerate a little health from kills.


Message History

Edmund clears his throat.
The orc wizard hits you but does no damage.
You barely miss the orc wizard.
The orc wizard is moderately wounded.
The orc wizard points at you and mumbles some strange words.
The puff of flame hits you!
* * * LOW HITPOINT WARNING * * *
You slash the orc wizard!
The orc wizard is severely wounded.
The orc wizard hits you but does no damage.
Edmund closely misses you.
You closely miss the orc wizard.
The orc wizard is severely wounded.
The orc wizard barely misses you.
You closely miss the orc wizard.
The orc wizard is severely wounded.
Edmund hits you but does no damage.
The orc wizard gestures at you while chanting.
The puff of flame hits you.
You die...

##............o.....#,#
#.#######..........#,*
#.#...).#....<......,*
#.#.###.#............*
#.#...#.#............*
#.#.###.#.#########o.#
#.......#..,,,,,,,,,,*
####.################.#
.<..............@o....#***
..##.............@......,*
..######################,*
..# *,* ..# *,* ..# *,*
..# *,* ..# *** *****,*
..#*******,* *,,,,,*


You could see Edmund and an orc wizard.

Vanquished Creatures
  A scorpion (D:4)
  2 orc priests (D:4)
  An iguana (D:4)
  A worker ant (D:4)
  4 gnolls (D:2)
  2 adders
  2 worms
  A leopard gecko (D:2)
  6 orcs (D:4)
  3 ball pythons
  14 bats
  3 giant cockroaches
  6 goblins
  10 hobgoblins
  10 jackals
  2 quokkas
  2 frilled lizards
  5 kobolds
  7 rats
82 creatures vanquished.

Notes
Turn   | Place    | Note
-------+----------+-------------------------------------------
     0 | Abyss:1  | cklessthan3 the Demonspawn Abyssal Knight began the quest
                  | for the Orb.
     0 | Abyss:1  | Reached XP level 1. HP: 18/18 MP: 2/2
     6 | D:1      | Escaped the Abyss
   275 | D:1      | Gained mutation: You are surrounded by a mild repulsion
                  | field. (EV +2) [demonic ancestry]
   275 | D:1      | Reached XP level 2. HP: 22/24 MP: 3/3
   687 | D:1      | Reached ** piety under Lugonu
  1067 | D:2      | Gained mutation: You are surrounded by a moderate repulsion
                  | field. (EV +3) [demonic ancestry]
  1067 | D:2      | Reached XP level 3. HP: 29/29 MP: 4/4
  1240 | D:2      | Reached skill level 1 in Dodging
  1773 | D:2      | Found a sacrificial altar of Ru.
  1791 | D:2      | Gained mutation: You have a pair of small antennae on your
                  | head. [demonic ancestry]
  1791 | D:2      | Reached XP level 4. HP: 26/37 MP: 5/5
  1815 | D:2      | Found a basalt altar of Yredelemnul.
  1975 | D:2      | Found an ornate altar of the Wu Jian Council.
  1987 | D:2      | Found an opulent altar of Gozag.
  2244 | D:3      | Reached *** piety under Lugonu
  2935 | D:4      | Gained mutation: You regenerate a little health from kills.
                  | [demonic ancestry]
  2935 | D:4      | Reached XP level 5. HP: 25/42 MP: 6/6
  3351 | D:4      | Got a faintly glowing leather armour
  3362 | D:4      | Identified the +1 leather armour of Xuadir {rCorr Int+2
                  | Stlth+} (You found it on level 4 of the Dungeon)
  3484 | D:4      | Reached XP level 6. HP: 34/48 MP: 7/7
  3597 | D:4      | Noticed Edmund
  3808 | D:4      | HP: 2/48 [orc wizard/puff of flame (10)]
  3811 | D:4      | Killed from afar by an orc wizard

Skill      XL: |  1  2  3  4  5  6 |
---------------+-------------------+-----
Armour         | 2 3 |  3.0
Long Blades    | 2 3 4 |  4.0
Dodging        | 1 2 |  2.0
Fighting       | 4 |  4.2
Stealth        | |  0.5
Invocations    | |  2.6

Action                   |  1- 3 |  4- 6 || total
-------------------------+-------+-------++-------
Melee: Falchion          |   142 |   140 ||   282
  Use: Scroll            |       |    11 ||    11
       Potion            |       |     4 ||     4
 Stab: Sleeping          |     1 |       ||     1
  Eat: Chunk             |     3 |       ||     3
       Ration            |       |     2 ||     2
Armor: Leather armour    |    43 |     6 ||    49
       Ring mail         |     2 |    10 ||    12
       Scale mail        |       |    24 ||    24
Dodge: Dodged            |   132 |   107 ||   239
       Rpst.: Falchion   |    38 |    29 ||    67
